Map: Arctic Dream LE

Players

zyle - Winner!

  • Race: Terran Terran
  • League: Diamond
  • Spawn Location: 6:00

VsI - Winner!

  • Race: Protoss Protoss
  • Spawn Location: 5:00

qqq

  • Race: Protoss Protoss
  • League: Platinum
  • Spawn Location: 12:00

Massa

  • Race: Terran Terran
  • League: Platinum
  • Spawn Location: 11:00

VOD

Have the link to the VOD?

Description

Time

  • Played on: Jan. 2, 2021, 4:27 p.m.
  • Length: 21:51
Show
View Real Time Build Order
Export as new Build Order

zyle Terran - Winner!

Build Orders: 2 Factory 

Get SALT Encoding   

  12  0:00  SCV  
  13  0:12  SCV  
  14  0:17  Supply Depot  
  14  0:24  SCV  
  15  0:31  Refinery  
  15  0:38  SCV  
  16  0:45  Barracks  
  16  0:50  SCV  
  17  1:03  SCV  
  18  1:11  Supply Depot  
  18  1:19  SCV  
  19  1:33  Marine  
  19  1:35  Factory  
  20  1:40  Refinery  
  20  1:41  SCV  
  21  2:00  Orbital Command  
  21  2:18  Factory Tech Lab  
  21  2:28  Marine  
  22  2:40  Siege Tank  
  25  2:46  Marine  
  26  2:59  Factory  
  26  3:04  Marine  
  27  3:22  Marine  
  27  3:23  Command Center  
  28  3:40  Marine  
  29  3:52  Hellion  
  31  3:57  Marine  
  31  4:00  Supply Depot  
  31  4:13  Factory Tech Lab  
  31  4:21  Marine  
  31  4:22  Hellion  
  34  4:26  SCV  
  34  4:28  Starport  
  35  4:38  Engineering Bay  
  35  4:39  SCV, Marine  
  35  4:57  Marine  
  32  5:15  Marine  
  32  5:17  SCV x2  
  35  5:29  SCV x2  
  35  5:33  Marine  
  38  5:41  SCV x2  
  38  5:42  Missile Turret  
  39  5:50  Marine  
  39  5:53  SCV  
  33  6:06  Missile Turret  
  33  6:07  SCV  
  33  6:08  SCV, Marine  
  35  6:20  SCV x2  
  37  6:26  Marine  
  37  6:32  SCV x2  
  40  6:35  Missile Turret  
  40  6:41  Starport Tech Lab  
  40  6:44  SCV x2  
  42  6:51  Missile Turret  
  42  6:56  SCV x2  
  42  7:01  Refinery  
  44  7:03  Refinery  
  44  7:08  SCV x2  
  46  7:11  Missile Turret  
  46  7:20  SCV x2  
  47  7:37  Fusion Core  
  47  7:42  Missile Turret  
  47  7:46  Supply Depot  
  47  7:50  Orbital Command  
  47  8:07  SCV  
  47  8:08  Supply Depot  
  48  8:14  Starport  
  48  8:19  SCV  
  49  8:29  SCV  
  49  8:32  SCV  
  46  8:44  SCV  
  43  8:54  SCV  
  44  8:56  SCV  
  45  9:06  SCV  
  45  9:08  SCV  
  47  9:18  SCV  
  47  9:20  SCV  
  47  9:22  Starport Tech Lab  
  47  9:23  Armory, Command Center  
  49  9:26  Supply Depot  
  49  9:30  SCV  
  50  9:32  SCV, Armory  
  51  9:38  Battlecruiser  
  51  9:43  SCV  
  51  9:44  SCV  
  59  9:49  Missile Turret  
  59  9:52  Weapon Refit  
  59  9:55  SCV  
  59  9:56  SCV  
  61  10:07  SCV  
  62  10:14  Supply Depot  
  62  10:15  Battlecruiser  
  65  10:34  Terran Ship Weapons Level 1  
  65  10:35  Terran Vehicle And Ship Armor Level 1  
  64  10:45  Battlecruiser  
  64  10:48  Siege Tank  
  73  10:50  Missile Turret  
  73  10:59  Orbital Command  
  73  11:10  Missile Turret  
  73  11:11  Missile Turret  
  73  11:19  Battlecruiser  
  73  11:24  Missile Turret  
  79  11:25  Starport  
  79  11:33  Sensor Tower  
  79  11:35  SCV  
  80  11:43  Starport  
  80  11:44  SCV  
  80  11:45  Siege Tank  
  80  11:46  SCV  
  85  11:47  SCV  
  85  11:53  Refinery  
  86  11:56  SCV  
  86  11:58  Battlecruiser  
  93  12:03  Supply Depot x2  
  93  12:10  Refinery  
  93  12:15  Missile Turret  
  93  12:20  Starport Tech Lab  
  93  12:23  Starport Tech Lab  
  93  12:24  SCV x3, Battlecruiser  
  102  12:35  Supply Depot x2  
  102  12:36  SCV x3, Terran Ship Weapons Level 2  
  105  12:48  Terran Vehicle And Ship Armor Level 2, SCV x3  
  108  13:00  SCV x2  
  108  13:01  SCV  
  117  13:12  Battlecruiser  
  117  13:13  SCV  
  118  13:36  Battlecruiser  
  124  13:44  Marine  
  125  13:59  Missile Turret  
  125  14:02  Missile Turret  
  125  14:05  Command Center  
  125  14:22  Supply Depot  
  125  14:43  Battlecruiser  
  131  14:46  Missile Turret  
  131  14:54  Supply Depot  
  131  14:56  Supply Depot x2  
  131  14:57  Missile Turret  
  131  15:16  Battlecruiser  
  131  15:17  Battlecruiser x2  
  148  15:22  Sensor Tower  
  148  15:30  Sensor Tower  
  148  15:38  Missile Turret  
  148  15:48  Battlecruiser  
  144  16:20  Battlecruiser  
  144  16:21  Battlecruiser  
  147  16:26  Battlecruiser  
  147  16:52  Battlecruiser  
  153  17:02  Marine  
  142  17:24  Battlecruiser  
  142  17:26  Battlecruiser  
  148  17:49  Battlecruiser  
  142  18:10  Battlecruiser  
  123  18:36  Battlecruiser  
  99  18:56  SCV x3  
  99  18:57  SCV  
  99  19:00  Battlecruiser  
  103  19:08  SCV x3  
  103  19:09  SCV  
  107  19:20  SCV x3  
  107  19:21  SCV, Battlecruiser  
  117  19:26  Refinery  
  117  19:28  Refinery  
  117  19:32  SCV x3  
  120  19:44  Battlecruiser  
  126  20:11  Battlecruiser  
  132  20:21  Viking  
  134  20:41  Battlecruiser  
Show
View Real Time Build Order
Export as new Build Order

VsI Protoss - Winner!

Build Orders: Carriers 

Get SALT Encoding   

  12  0:00  Probe  
  13  0:12  Probe (Chrono Boost)  
  14  0:17  Pylon  
  14  0:24  Probe (Chrono Boost)  
  15  0:34  Probe (Chrono Boost)  
  15  0:40  Gateway  
  16  0:47  Probe  
  16  0:49  Assimilator  
  17  0:59  Probe  
  18  1:11  Probe  
  19  1:19  Gateway  
  19  1:23  Probe  
  20  1:32  Cybernetics Core  
  20  1:35  Probe  
  20  1:47  Probe, Pylon  
  20  1:53  Assimilator  
  21  2:09  Stalker x2 (Chrono Boost)  
  21  2:14  Shield Battery  
  23  2:24  Shield Battery  
  23  2:57  Stalker x2  
  27  3:02  Probe  
  28  3:15  Probe  
  28  3:17  Stargate  
  29  3:27  Probe  
  30  3:28  Shield Battery  
  30  3:39  Probe  
  31  4:01  Pylon  
  31  4:14  Warp Gate  
  31  4:19  Probe, Oracle (Chrono Boost)  
  35  4:30  Nexus  
  35  4:31  Probe  
  35  4:34  Pylon  
  36  4:42  Shield Battery  
  36  4:43  Stalker  
  38  4:52  Stalker  
  40  4:54  Oracle (Chrono Boost)  
  43  5:18  Probe  
  44  5:27  Forge  
  44  5:30  Probe  
  45  5:42  Probe  
  43  6:04  Stalker x2  
  47  6:12  Photon Cannon  
  41  6:28  Probe  
  41  6:29  Probe  
  41  6:31  Photon Cannon  
  43  6:34  Photon Cannon  
  43  6:39  Void Ray (Chrono Boost)  
  43  6:41  Probe x2  
  45  6:53  Probe x2  
  51  7:02  Photon Cannon  
  51  7:04  Assimilator  
  51  7:05  Probe x2  
  51  7:08  Assimilator  
  53  7:17  Probe x2  
  52  7:29  Probe  
  53  7:43  Probe x2  
  55  7:51  Void Ray (Chrono Boost)  
  55  7:52  Photon Cannon  
  55  7:55  Probe x2  
  57  8:00  Photon Cannon  
  61  8:06  Photon Cannon  
  61  8:07  Probe, Pylon  
  61  8:11  Robotics Facility  
  62  8:17  Probe  
  62  8:19  Probe  
  60  8:21  Void Ray  
  64  8:29  Probe, Pylon  
  64  8:30  Pylon  
  64  8:31  Probe  
  66  8:35  Nexus  
  66  8:36  Pylon  
  66  8:59  Photon Cannon, Shield Battery  
  66  9:05  Void Ray, Assimilator x2  
  70  9:19  Stargate  
  70  9:21  Probe  
  70  9:22  Probe  
  72  9:26  Stargate  
  72  9:28  Observer (Chrono Boost), Stargate  
  73  9:34  Probe x2  
  73  9:35  Protoss Air Weapons Level 1 (Chrono Boost)  
  75  9:46  Probe x2, Void Ray  
  75  9:48  Probe, Pylon  
  82  9:58  Probe  
  83  10:04  Fleet Beacon  
  83  10:06  Pylon  
  83  10:10  Pylon  
  83  10:14  Probe x3  
  86  10:26  Probe x3  
  89  10:38  Probe x3  
  92  10:49  Nexus  
  91  10:50  Probe, Pylon  
  91  10:53  Carrier, Pylon  
  91  10:54  Carrier  
  91  10:55  Carrier  
  110  11:04  Carrier  
  116  11:15  Shield Battery  
  116  11:17  Photon Cannon  
  116  11:21  Probe x2, Photon Cannon  
  116  11:22  Probe  
  116  11:24  Shield Battery  
  119  11:30  Protoss Shields Level 1  
  119  11:33  Probe  
  119  11:38  Pylon  
  120  11:41  Pylon  
  120  11:42  Probe x2  
  120  11:44  Pylon  
  120  11:45  Protoss Air Weapons Level 2  
  120  11:46  Probe  
  123  11:51  Assimilator  
  123  11:59  Carrier  
  129  12:02  Photon Cannon  
  129  12:07  Assimilator  
  129  12:13  Carrier  
  135  12:18  Carrier  
  141  12:26  Carrier  
  141  12:27  Probe  
  141  12:28  Probe  
  149  12:30  Probe x2  
  151  12:39  Probe  
  152  12:52  Mothership (Chrono Boost)  
  152  12:57  Gateway  
  160  12:58  Gateway  
  160  13:00  Gateway  
  160  13:04  Gateway  
  160  13:07  Twilight Council  
  160  13:09  Carrier  
  166  13:22  Pylon  
  166  13:23  Carrier  
  166  13:25  Pylon  
  172  13:28  Carrier, Pylon  
  172  13:30  Pylon  
  178  13:38  Cybernetics Core  
  178  13:53  Protoss Ground Weapons Level 1  
  178  13:59  Carrier  
  178  14:00  Probe x3  
  178  14:02  Forge  
  187  14:05  Photon Cannon  
  187  14:07  Photon Cannon  
  187  14:12  Probe  
  188  14:19  Carrier, Nexus  
  188  14:21  Pylon  
  188  14:23  Pylon  
  194  14:29  Blink (Chrono Boost)  
  194  14:46  Gateway  
  194  14:47  Gateway  
  194  14:51  Gateway  
  194  14:53  Gateway  
  194  14:57  Observer (Chrono Boost), Gateway, Protoss Air Armor Level 1  
  195  15:02  Protoss Air Weapons Level 3  
  195  15:04  Protoss Shields Level 2  
  195  15:33  Assimilator  
  195  15:36  Shield Battery  
  195  15:53  Assimilator  
  195  15:54  Photon Cannon x2  
  195  15:55  Photon Cannon  
  195  16:01  Pylon  
  160  16:29  Carrier x4  
  146  17:22  Stargate  
  142  17:25  Stargate, Mothership  
  142  17:27  Stargate  
  146  17:33  Carrier  
  146  17:36  Carrier x2  
  146  17:37  Carrier  
  168  18:38  Carrier  
  168  18:41  Carrier  
  180  18:43  Carrier x2  
  180  18:46  Nexus  
  192  18:49  Assimilator  
  192  18:53  Assimilator  
  192  18:55  Pylon  
  192  18:58  Pylon  
  168  19:42  Carrier  
  168  19:45  Carrier  
  174  19:48  Carrier x2  
  180  20:37  Carrier x2  
  180  20:38  Carrier  
  198  21:42  Nexus  
  198  21:48  Nexus  
Show
View Real Time Build Order
Export as new Build Order

qqq Protoss 

Build Orders: Carriers 

Get SALT Encoding   

  12  0:10  Pylon  
  12  0:13  Probe  
  13  0:30  Forge  
  13  0:33  Probe  
  14  1:23  Pylon  
  14  1:24  Probe  
  15  1:36  Probe  
  15  1:37  Pylon  
  16  1:43  Photon Cannon  
  16  1:49  Probe  
  17  1:58  Photon Cannon  
  17  1:59  Gateway  
  17  2:01  Pylon  
  17  2:17  Photon Cannon  
  17  2:19  Pylon  
  17  2:27  Photon Cannon  
  17  2:40  Photon Cannon  
  17  2:44  Photon Cannon  
  17  2:51  Photon Cannon  
  17  3:09  Photon Cannon  
  17  3:18  Probe  
  18  3:21  Nexus  
  18  3:35  Probe  
  19  3:41  Cybernetics Core  
  19  3:44  Photon Cannon  
  19  3:49  Assimilator  
  19  3:54  Assimilator  
  19  4:02  Photon Cannon  
  19  4:05  Probe  
  20  4:17  Probe  
  20  4:29  Probe  
  20  4:36  Gateway  
  20  4:39  Shield Battery  
  20  4:41  Probe  
  21  4:50  Stargate  
  21  4:54  Probe  
  21  4:58  Probe  
  23  5:06  Probe  
  24  5:10  Probe  
  25  5:22  Stargate  
  25  5:23  Stalker (Chrono Boost)  
  27  5:28  Probe  
  27  5:31  Probe  
  29  5:41  Phoenix  
  23  5:59  Probe (Chrono Boost)  
  24  6:08  Probe (Chrono Boost)  
  24  6:10  Probe (Chrono Boost)  
  26  6:14  Probe (Chrono Boost)  
  27  6:18  Probe  
  27  6:25  Phoenix  
  30  6:26  Probe  
  31  6:38  Phoenix  
  33  6:40  Probe  
  33  6:41  Probe  
  35  6:52  Probe  
  35  6:53  Probe  
  37  6:57  Pylon  
  37  7:06  Probe (Chrono Boost)  
  38  7:15  Probe (Chrono Boost)  
  35  7:17  Probe (Chrono Boost)  
  35  7:22  Probe (Chrono Boost)  
  36  7:24  Probe (Chrono Boost)  
  37  7:32  Probe (Chrono Boost)  
  37  7:36  Probe (Chrono Boost)  
  39  7:37  Probe (Chrono Boost)  
  39  7:38  Fleet Beacon  
  40  7:45  Pylon  
  40  7:47  Probe  
  40  7:49  Probe  
  42  7:57  Protoss Air Weapons Level 1 (Chrono Boost)  
  42  7:58  Phoenix  
  44  7:59  Probe  
  44  8:04  Phoenix  
  47  8:06  Probe  
  48  8:22  Probe (Chrono Boost)  
  48  8:23  Probe (Chrono Boost)  
  48  8:25  Assimilator  
  50  8:28  Assimilator  
  50  8:34  Probe x2 (Chrono Boost)  
  52  8:38  Pylon  
  52  8:39  Probe (Chrono Boost)  
  52  8:41  Pylon  
  52  8:52  Pylon  
  52  8:55  Pylon  
  52  8:56  Carrier  
  58  9:08  Probe  
  59  9:14  Nexus  
  59  9:20  Probe  
  59  9:21  Tempest  
  65  9:30  Photon Cannon  
  65  9:32  Probe  
  65  9:38  Anion Pulse-Crystals, Robotics Facility  
  66  9:44  Probe  
  67  9:50  Photon Cannon  
  67  9:58  Assimilator  
  67  10:02  Protoss Air Armor Level 1 (Chrono Boost)  
  67  10:03  Assimilator  
  67  10:08  Tempest  
  72  10:37  Carrier  
  72  10:41  Observer (Chrono Boost)  
  79  10:45  Nexus  
  79  10:49  Pylon  
  79  10:55  Probe (Chrono Boost), Pylon  
  80  10:57  Observer (Chrono Boost)  
  82  11:05  Probe (Chrono Boost)  
  82  11:09  Pylon  
  82  11:10  Probe (Chrono Boost), Tempest  
  87  11:12  Pylon  
  88  11:22  Probe  
  89  11:27  Observer  
  90  11:34  Probe  
  90  11:35  Void Ray  
  91  11:44  Photon Cannon  
  91  11:46  Probe  
  96  11:54  Carrier  
  102  11:58  Probe  
  103  12:10  Probe  
  103  12:11  Probe  
  105  12:19  Carrier  
  105  12:22  Probe  
  112  12:23  Probe, Photon Cannon  
  112  12:26  Photon Cannon  
  113  12:30  Stargate  
  113  12:34  Probe (Chrono Boost)  
  113  12:35  Probe (Chrono Boost)  
  115  12:45  Assimilator  
  115  12:47  Probe (Chrono Boost)  
  115  12:49  Assimilator  
  117  12:52  Probe (Chrono Boost)  
  117  12:53  Observer  
  117  12:56  Probe (Chrono Boost)  
  117  12:58  Carrier  
  125  12:59  Probe (Chrono Boost)  
  125  13:01  Probe  
  125  13:03  Mothership (Chrono Boost)  
  135  13:10  Probe  
  136  13:13  Probe  
  137  13:22  Tempest  
  137  13:23  Probe  
  137  13:25  Probe, Shield Battery  
  137  13:26  Photon Cannon  
  144  13:28  Pylon  
  144  13:30  Pylon  
  144  13:31  Pylon  
  144  13:35  Photon Cannon  
  144  13:37  Carrier  
  144  13:38  Probe  
  151  13:52  Observer  
  151  13:53  Probe (Chrono Boost), Tempest  
  153  13:56  Tempest  
  158  14:09  Probe (Chrono Boost)  
  164  14:14  Observer, Protoss Air Weapons Level 2 (Chrono Boost)  
  165  14:21  Probe  
  166  14:33  Probe  
  166  14:34  Tempest  
  166  14:38  Photon Cannon  
  172  14:39  Shield Battery  
  172  14:41  Pylon  
  172  14:51  Nexus  
  172  14:54  Pylon  
  172  14:56  Pylon  
  172  14:57  Pylon  
  172  14:58  Pylon  
  172  14:59  Tempest, Probe, Pylon  
  178  15:06  Nexus  
  178  15:08  Pylon  
  178  15:11  Probe, Pylon  
  178  15:12  Tempest  
  184  15:17  Tempest  
  189  15:25  Shield Battery  
  189  15:28  Pylon  
  189  15:30  Pylon  
  189  15:35  Photon Cannon  
  189  15:38  Photon Cannon  
  189  15:40  Shield Battery  
  189  15:42  Tempest  
  194  15:44  Stargate  
  194  15:46  Stargate  
  194  15:49  Stargate  
  194  15:55  Tempest  
  199  15:57  Observer  
  133  16:33  Protoss Air Armor Level 2  
  98  16:41  Tempest x5  
  98  16:42  Tempest  
  114  17:24  Tempest x6  
  92  18:04  Tempest (Chrono Boost)  
  108  18:14  Tempest x4 (Chrono Boost)  
  59  19:34  Tempest  
  44  19:56  Pylon  
  44  19:58  Pylon  
  44  20:00  Pylon  
  44  20:02  Pylon  
  44  20:05  Tempest  
  41  20:11  Nexus  
  39  20:14  Pylon  
  39  20:18  Pylon  
  39  20:35  Nexus  
  39  20:39  Pylon  
  34  20:43  Pylon  
  34  20:50  Fleet Beacon  
  34  20:59  Assimilator  
  34  21:04  Assimilator  
Show
View Real Time Build Order
Export as new Build Order

Massa Terran 

Build Orders:  

Get SALT Encoding   

  12  0:00  SCV  
  13  0:12  SCV  
  14  0:17  Supply Depot  
  14  0:24  SCV  
  15  0:38  SCV  
  15  0:41  Barracks  
  16  0:49  Refinery  
  16  0:50  SCV  
  17  1:03  SCV  
  18  1:15  SCV  
  19  1:27  SCV  
  19  1:28  Refinery  
  19  1:32  Reaper  
  22  1:42  Orbital Command  
  21  2:03  Command Center  
  21  2:09  Factory  
  21  2:13  SCV  
  22  2:24  Marine  
  23  2:32  Supply Depot  
  23  2:38  Supply Depot  
  23  2:45  Supply Depot  
  23  2:53  SCV  
  24  2:59  Starport  
  24  3:05  SCV  
  24  3:08  Factory Tech Lab  
  24  3:09  Marine  
  26  3:17  SCV  
  27  3:22  Engineering Bay  
  27  3:25  Orbital Command  
  27  3:27  Marine  
  28  3:36  Starport Tech Lab  
  28  3:55  Banshee  
  31  4:15  SCV x2  
  32  4:19  Cloaking Field  
  32  4:27  SCV x2  
  32  4:28  Barracks  
  34  4:32  Command Center  
  34  4:37  Barracks Tech Lab, Banshee  
  37  4:39  SCV, Barracks  
  37  4:43  Siege Tank  
  41  5:27  Stimpack  
  41  5:28  Marauder, Marine x2  
  44  5:33  SCV  
  44  5:34  SCV  
  47  5:36  Barracks  
  47  5:42  Barracks  
  47  5:45  SCV  
  47  5:46  SCV, Marine x2  
  47  5:49  Marauder  
  53  5:58  SCV x2  
  55  6:35  Banshee  
  55  6:39  Marine  
  60  6:40  Marauder, Marine  
  60  6:41  SCV x3  
  60  6:46  Refinery  
  65  6:47  Refinery, Siege Tank  
  65  6:51  Barracks Reactor, Barracks Tech Lab  
  65  6:53  SCV x3  
  71  6:57  Marine, Missile Turret  
  71  7:00  Starport  
  74  7:01  Marauder  
  74  7:05  SCV  
  75  7:19  Missile Turret  
  75  7:29  Missile Turret  
  75  7:47  Starport Tech Lab  
  75  7:52  Missile Turret  
  75  7:57  Marauder  
  75  7:58  Barracks Reactor, Barracks Tech Lab  
  77  8:03  Supply Depot  
  77  8:05  Supply Depot  
  77  8:06  Supply Depot x2  
  77  8:07  Supply Depot x2  
  77  8:08  Supply Depot x2  
  77  8:14  Missile Turret  
  77  8:15  Orbital Command  
  77  8:24  Marine x2  
  77  8:25  SCV x2, Marauder x2  
  77  8:26  Siege Tank  
  88  8:29  Supply Depot  
  88  8:30  Supply Depot  
  88  8:31  Supply Depot  
  88  8:32  Supply Depot  
  88  8:33  Supply Depot  
  88  8:34  Supply Depot  
  88  8:37  SCV x2  
  90  8:42  Marine x2  
  90  8:46  Marauder x2  
  90  8:49  SCV  
  88  8:56  Raven  
  90  9:03  Cyclone  
  90  9:04  Marauder, Marine x4  
  90  9:08  SCV x3, Marauder x2  
  106  9:17  Starport  
  106  9:20  SCV x3  
  106  9:21  Terran Infantry Weapons Level 1  
  106  9:22  Marine x3  
  112  9:24  Armory  
  112  9:28  Engineering Bay  
  112  9:32  SCV  
  112  9:33  SCV x2  
  115  9:42  Combat Shield  
  115  9:43  Concussive Shells  
  115  9:44  SCV, Command Center  
  115  9:45  SCV  
  117  9:46  Command Center  
  117  9:49  Ghost Academy  
  117  9:52  Medivac  
  119  9:53  Starport Reactor  
  119  9:57  Starport  
  119  10:19  Refinery  
  119  10:21  Refinery, SCV x3, Raven  
  124  10:37  Missile Turret  
  124  10:39  Starport Reactor  
  124  10:40  Viking  
  124  10:41  Viking  
  128  10:52  Marauder x3, Marine x4  
  138  10:59  Missile Turret  
  138  11:04  Raven  
  138  11:10  Marine x4, Viking  
  138  11:11  Medivac  
  148  11:13  Marauder, Marine x2  
  148  11:17  Sensor Tower, Missile Turret  
  148  11:18  Sensor Tower, Missile Turret x3  
  152  11:20  Missile Turret  
  152  11:23  Supply Depot  
  152  11:24  Supply Depot  
  152  11:25  Supply Depot  
  152  11:28  Marine  
  152  11:29  Personal Cloaking  
  152  11:31  SCV x2, Marauder x2  
  152  11:32  SCV  
  160  11:36  Planetary Fortress  
  160  11:40  Medivac  
  160  11:43  SCV  
  160  11:44  SCV  
  160  11:46  Medivac x2  
  168  11:51  Supply Depot  
  168  11:53  Supply Depot x2  
  168  12:00  Refinery  
  168  12:02  Refinery  
  168  12:13  Viking x3  
  174  12:17  SCV x3, Supply Depot  
  174  12:18  SCV  
  174  12:20  Planetary Fortress  
  178  12:29  SCV, Terran Infantry Weapons Level 2, Terran Infantry Armor Level 1  
  179  12:30  Terran Vehicle Weapons Level 1  
  179  12:37  Armory  
  179  12:42  Ghost, Marauder x2, Marine x2  
  179  12:43  Marine x2  
  189  12:50  Thor  
  195  12:58  Refinery x2, SCV x3  
  197  12:59  Marine x2  
  197  13:03  Enhanced Shockwaves  
  194  13:49  Thor  
  200  14:05  Terran Vehicle And Ship Armor Level 1  
  200  14:22  Nuke  
  200  14:24  Terran Infantry Armor Level 2  
  200  14:26  Terran Vehicle Weapons Level 2  
  200  14:28  Smart Servos  
  200  14:35  Command Center  
  200  14:37  Factory  
  200  14:38  Factory  
  200  14:39  Factory  
  200  14:48  Command Center  
  200  14:52  Command Center  
  186  15:28  Raven  
  183  15:30  Viking x2  
  183  15:32  Thor  
  183  15:34  Factory Tech Lab x3  
  193  15:42  Terran Infantry Weapons Level 3  
  193  15:46  Drilling Claws, Planetary Fortress  
  193  16:10  Raven  
  195  16:15  Thor  
  145  16:31  Thor x3  
  139  16:46  Viking x3  
  139  16:47  Viking  
  144  16:53  Raven  
  142  16:54  Marine  
  142  16:55  Marine x6  
  142  16:58  Thor  
  138  17:02  Terran Infantry Armor Level 3  
  136  17:12  Marine x6  
  136  17:13  Marine  
  136  17:14  Thor x2  
  149  17:16  Viking x3  
  136  17:23  Viking  
  126  17:30  Marine x7  
  126  17:36  Raven  
  124  17:41  Thor  
  111  17:46  Viking x2  
  111  17:47  Marine  
  111  17:48  Marine x3  
  117  17:57  Factory Tech Lab  
  109  18:09  Marine x7  
  88  18:23  Thor  
  88  18:27  Marine x7  
  92  18:28  Factory Tech Lab  
  95  18:34  Factory  
  95  18:35  Factory  
  95  18:36  Factory  
  79  18:44  Hi-Sec Auto Tracking, Marine  
  79  18:45  Marine x6  
  79  18:46  Raven  
  79  18:47  Viking  
  87  18:57  Thor  
  87  19:02  Marine  
  90  19:03  Marine x5  
  90  19:06  Thor  
  102  19:20  Marine x3  
  102  19:22  Planetary Fortress  
  105  19:29  Raven  
  107  19:39  Neosteel Armor  
  107  19:40  Missile Turret  
  106  19:49  Thor  
  106  19:56  Thor  
  110  20:00  Factory Tech Lab x3  
  110  20:11  Raven  
  109  20:19  Thor x2  
  115  20:32  Thor  
  116  20:39  Thor  
  107  20:49  Viking x2  
  107  20:54  Raven  
  95  20:57  Missile Turret  
  95  20:58  Missile Turret  
  95  20:59  Missile Turret  
  87  21:07  Thor  
  87  21:09  Factory Tech Lab  
  87  21:19  Command Center  
  87  21:20  Missile Turret  
  87  21:21  Missile Turret  
  87  21:23  Missile Turret  
  71  21:43  Missile Turret  
  71  21:44  Missile Turret  
  71  21:46  Missile Turret  
Tags
 
Add a new tag
Caveats
  • Supply blocks, unpowered buildings, or Contaminate may cause inaccurate times.
  • Supply counts are checked every 10 seconds.